 Dungeon Crawl Stone Soup version 0.28-a0-980-g3664467d6e (webtiles) character file.

Game seed: 11871337466349561986

95 bjvrkvb the Vexing (level 4, -3/21 HPs)
             Began as a Spriggan Enchanter on Dec 2, 2021.
             Slain by Grinder (5 damage)
             ... on level 3 of the Dungeon.
             The game lasted 00:06:18 (3808 turns).

bjvrkvb the Vexing (Spriggan Enchanter)             Turns: 3808, Time: 00:06:18

Health: -3/21      AC:  2    Str:  6    XL:     4   Next: 39%
Magic:  9/11       EV: 17    Int: 16    God:
Gold:   60         SH:  0    Dex: 15    Spells: 4/12 levels left

rFire   . . .      SeeInvis +   e - +1 dagger (venom)
rCold   . . .      Faith    .   (shield restricted)
rNeg    . . .      Spirit   .   b - +0 robe
rPois   .          Reflect  .   (helmet restricted)
rElec   .          Harm     .   (no cloak)
rCorr   .          Rampage  .   (gloves unavailable)
Will    .....                   (boots unavailable)
Stlth   +++.......              (no amulet)
HPRegen 0.07/turn               (no ring)
MPRegen 0.12/turn               (no ring)

@: very slightly contaminated, very quick
A: very small, no large weapons, unfitting armour, see invisible, speed 3
a: no special abilities


You were on level 3 of the Dungeon.
You visited 1 branch of the dungeon, and saw 3 of its levels.

You collected 73 gold pieces.
You spent 13 gold pieces at shops.

Inventory:

Hand Weapons
 a - a +1 dagger
 e - a +1 dagger of venom (weapon)
Armour
 b - a +0 robe (worn)
Wands
 c - a wand of digging (8)
 n - a wand of paralysis (9)
Potions
 d - a potion of lignification
 f - a potion of ambrosia
 g - a potion of attraction
 h - a potion of heal wounds {unknown}
 i - a potion of brilliance {unknown}
 j - a potion of curing
 k - 2 potions of resistance {unknown}
 l - a potion of invisibility


   Skills:
 - Level 1.1 Short Blades
 - Level 2.6 Dodging
 - Level 4.4 Stealth
 + Level 4.5 Spellcasting
 + Level 5.1 Hexes


You had 4 spell levels left.
You knew the following spells:

 Your Spells              Type           Power      Damage    Failure   Level
a - Ensorcelled Hibernat  Hex/Ice        22%        N/A       9%          2
b - Tukima's Dance        Hex            20%        N/A       6%          3
c - Dazzling Flash        Conj/Hex       22%        N/A       17%         3

Your spell library contained the following spells:

 Spells                   Type           Power      Damage    Failure   Level
 Confusing Touch          Hex            20%        N/A       6%          3
 Shock                    Conj/Air       12%        1d3       16%         1
 Swiftness                Air            3%         N/A       43%         3
 Airstrike                Air            1%         N/A       85%         4


Dungeon Overview and Level Annotations

Branches:
Dungeon (3/15)

Altars:

Shops:
D:1 !

Annotations:
D:3 Grinder


Innate Abilities, Weirdness & Mutations

You are very small and have problems with some larger weapons.
You are too small for most types of armour.
You have supernaturally acute eyesight. (SInv)
You cover ground extremely quickly. (Speed+++)


Message History

Magic restored.
You start waiting.
Done waiting.
You climb downwards.
Level annotation: Grinder
There is a stone staircase leading up here.
Unknown command.
Unknown command.
You start waiting.
Grinder is nearby!
Casting: Dazzling Flash (extremely dangerous; 17% risk of failure)
Confirm with . or Enter, or press ? or * to list all spells.
Okay, then.
Throw: dart (poison)
Press: ? - help, Q - select action, (/) - cycle Shift-Dir - straight line, f - Grinder
Aim: Grinder (53% to hit)
You throw a poisoned dart.
The poisoned dart barely misses Grinder.
Grinder blinks!
Casting: Dazzling Flash (extremely dangerous; 17% risk of failure)
Confirm with . or Enter, or press ? or * to list all spells.
The spell is extremely dangerous to miscast (17% risk of failure)!
Continue anyway?
Casting: Dazzling Flash (extremely dangerous; 17% risk of failure)
Press: ? - help, Dir - look around, f - activate You miscast Dazzling Flash.
You are very lightly contaminated with residual magic.
Nothing appears to happen.
Grinder gestures at you.
You suddenly lose the ability to move!
Grinder blinks!
Grinder hits you.
You writhe in agony.
Grinder hits you but does no damage. Grinder hits you.
You writhe in agony.
You can move again.
You hit Grinder.
Grinder is lightly wounded.
Grinder hits you!
* * * LOW HITPOINT WARNING * * *
You writhe in agony.
You die...

......##....†.#.#.....#
.#....##......#.###.###
)#....#####.....# #.#
.#.......##.##### #.#
.....###.##.# #.#
.....###.##.# ####.#
.....#...##.# #....#
.....#.####.# #.####
...>........# #@...#
............#####5#.#
............+.......#
............#####.#####
......#######
#.(...######### ......#
#####.........# ......#
#####)#######..#
......#
#.P..PP........#
......#
#........≈≈.P..#


You could see Grinder.

Vanquished Creatures
  Robin (D:3)
  2 worms
  A dart slug (D:1)
  7 bats
  An endoplasm (D:1)
  2 giant cockroaches
  14 goblins
  15 hobgoblins
  8 kobolds
  A quokka (D:2)
  4 ball pythons
  5 frilled lizards
  7 rats
68 creatures vanquished.

Vanquished Creatures (others)
  A plant (D:3)
1 creature vanquished.

Grand Total: 69 creatures vanquished

Notes
Turn   | Place    | Note
-------+----------+-------------------------------------------
     0 | D:1      | bjvrkvb the Spriggan Enchanter began the quest for the Orb.
     0 | D:1      | Reached XP level 1. HP: 9/9 MP: 5/5
   281 | D:1      | Reached skill level 4 in Hexes
   320 | D:1      | Found Asythrap's Distillery.
   322 | D:1      | Reached XP level 2. HP: 13/13 MP: 7/7
   325 | D:1      | Learned a level 2 spell: Ensorcelled Hibernation
   332 | D:1      | Bought a potion of degeneration for 13 gold pieces
  1047 | D:2      | Reached XP level 3. HP: 15/16 MP: 9/9
  1051 | D:2      | Learned a level 3 spell: Tukima's Dance
  1055 | D:2      | Learned a level 3 spell: Dazzling Flash
  1950 | D:2      | Found a faded altar of an unknown god.
  2499 | D:3      | Noticed Robin
  3009 | D:2      | Reached XP level 4. HP: 10/21 MP: 11/11
  3216 | D:3      | Reached skill level 5 in Hexes
  3226 | D:3      | Killed Robin
  3586 | D:3      | Noticed Grinder
  3801 | D:3      | Paralysed by Grinder for 7 turns
  3808 | D:3      | Slain by Grinder

Illustrated notes

Levels and vault maps discovered:
D:1:      minmay_arrival_split_and_join, layout_loops_ring, serial_shops, shop
D:2:      layout_basic, shapermc_ecumenical_altar_mp_urbaneastern
D:3:      layout_basic, guppyfry_early_lair_pool, uniq_crazy_yiuf_cottage,
          uniq_robin, uniq_grinder

Skill      XL: |  1  2  3  4 |
---------------+-------------+-----
Spellcasting   | 3 4 |  4.5
Hexes          | 4 5 |  5.1
Short Blades   | |  1.1
Dodging        | |  2.6
Stealth        | |  4.4

Action                   |  1- 3 |  4- 6 || total
-------------------------+-------+-------++-------
Melee: Dagger            |   148 |    25 ||   173
Throw: Dart              |       |     7 ||     7
 Cast: Ensorcelled Hiber |    11 |     6 ||    17
       Dazzling Flash    |       |     1 ||     1
  Use: Scroll            |     9 |       ||     9
       Potion            |     1 |       ||     1
 Stab: Sleeping          |    10 |     8 ||    18
       Invisible         |     1 |       ||     1
       Distracted        |       |     1 ||     1
Armor: Robe              |    13 |     2 ||    15
Dodge: Dodged            |   136 |    20 ||   156

Table legend: (Time is in decaauts)
 A = Elapsed time spent in this place.
 B = Non-inter-level travel time spent in this place.
 C = Inter-level travel time spent in this place.
 D = Time resting spent in this place.
 E = Time spent auto-exploring this place.
 F = Levels seen in this place.
 G = Mean time per level.
                   A        B        C        D        E       F      G
               +--------+--------+--------+--------+--------+-----+--------+
         Total |   3069 |   3039 |     30 |    901 |   1597 |   3 | 1023.0 |
       Dungeon |   3069 |   3039 |     30 |    901 |   1597 |   3 | 1023.0 |
               +--------+--------+--------+--------+--------+-----+--------+

Top non-repeatable levels by time:
     D:2: 1933 daAuts
     D:1: 626 daAuts
     D:3: 510 daAuts
